 Dungeon Crawl Stone Soup version 0.30.1-11-g7821555f0a (webtiles) character file.

Game seed: 17035403837223885518

105 CrazyMind the Chiller (level 4, -1/28 (30) HPs)
             Began as a Barachi Ice Elementalist on Nov 5, 2023.
             Slain by a hell rat (8 damage)
             ... in a sewer.
             The game lasted 00:06:28 (1192 turns).

CrazyMind the Chiller (Barachi Ice Elementalist)    Turns: 1192, Time: 00:06:31

HP:   -1/28 (30)    AC:  2    Str:  9    XL:     4   Next: 81%
MP:   6/9           EV: 12    Int: 18    God:
Gold: 67            SH:  0    Dex: 12    Spells: 3/10 levels left

rFire   . . .        d - +0 dagger
rCold   . . .        (no shield)
rNeg    . . .        a - +0 robe
rPois   .            (no helmet)
rElec   .            (no cloak)
rCorr   .            (no gloves)
SInv    .            (no boots)
Will    .....        (no amulet)
Stlth   ++           (no ring)
HPRegen 0.24/turn    (no ring)
MPRegen 0.11/turn

%: no passive effects
@: freezing walls, drained, slow
A: amphibious, slowness 1, strong legs 1, +LOS
a: Hop


You were in a sewer.
You visited 1 branch of the dungeon, and saw 3 of its levels.
You also visited: Sewer.

You collected 67 gold pieces.

Inventory:

Hand Weapons
 d - a +0 dagger (weapon)
Armour
 a - a +0 robe (worn)
 j - a +0 leather armour
Scrolls
 e - a scroll of teleportation {unknown}
 h - a scroll of enchant weapon {unknown}
 i - a scroll of identify {unknown}
Potions
 b - a potion of magic
 c - 2 potions of heal wounds {unknown}
 f - a potion of flight {unknown}
 g - a potion of cancellation {unknown}
 k - 2 potions of haste {unknown}


   Skills:
 + Level 2.4 Dodging
 + Level 2.3 Stealth
 + Level 3.6 Spellcasting
 * Level 5.8 Ice Magic


You had 3 spell levels left.
You knew the following spells:

 Your Spells              Type           Power      Damage    Failure   Level
a - Freeze                Ice            96%        1d10      1%          1
b - Frozen Ramparts       Ice            48%        1d8       4%          3
c - Ozocubu's Armour      Ice            24%        N/A       4%          3

Your spell library contained the following spells:

 Spells                   Type           Power      Damage    Failure   Level
 Summon Ice Beast         Ice/Summ       13%        N/A       41%         4


Dungeon Overview and Level Annotations

Branches:
Dungeon (4/15) Zot: 16993   Sewer (1/1) Zot: 5700
 Temple: D:4-7

Altars:


Innate Abilities, Weirdness & Mutations

You are amphibious.
You cover ground slowly.
You can hop short distances.
You have an extended range of vision and can be seen from far away.


Message History

Casting: Freeze (safe; 1% risk of failure)
Confirm with . or Enter, or press ? or * to list all spells.
Casting: Frozen Ramparts (dangerous; 4% risk of failure)
Press: ? - help, Dir - look around, f - activate The walls around you are covered in ice.
The wall freezes the rat.
You kill the rat!
Unknown command.
The wall freezes the river rat but does no damage.
You hit the river rat.
The river rat is moderately wounded.
The wall freezes the river rat but does no damage.
The river rat misses you.
You hit the river rat.
The river rat is heavily wounded.
The wall freezes the river rat.
You kill the river rat!
The frozen ramparts melt away as you move.
You start resting.
Magic restored.
You open the door.
A hell rat comes into view.
The hell rat roars deafeningly!
Found five items.
Found a gate leading back out of this place.
Casting: Frozen Ramparts (dangerous; 4% risk of failure)
Confirm with . or Enter, or press ? or * to list all spells.
Casting: Frozen Ramparts (dangerous; 4% risk of failure)
Press: ? - help, Dir - look around, f - activate The walls around you are covered in ice.
Unknown command.
The wall freezes the hell rat.
You hit the hell rat but do no damage.
The hell rat is lightly wounded.
The wall freezes the hell rat.
The hell rat bites you!
The wall freezes the hell rat.
The hell rat bites you!
Ouch! That really hurt!
* * * LOW HITPOINT WARNING * * *
You feel drained.
You die...

#########
###~~~.~~~###
###.~..~@.~~.~#
#~~~.†##r##....~#
##.~.###~~. #~.~##
#~~~## ~~~~~ ..~#
#~~†# ~.~~~~. ~.#
#~~.##~?$!!!~#
~~~#
##...###?∩?###†~.#
#..~†~#####.†~.~#
###~.~~.∩~.~~.###


You could see a hell rat.

Vanquished Creatures
  An adder (D:4)
  7 river rats (Sewer)
  A dart slug (D:1)
  A ball python (D:1)
  2 bats (D:1)
  3 endoplasms (D:1)
  2 giant cockroaches (D:1)
  A goblin (D:1)
  3 hobgoblins (D:1)
  2 jackals (D:1)
  2 kobolds
  A frilled lizard (D:1)
  6 rats
32 creatures vanquished.

Notes
Turn   | Place    | Note
-------+----------+-------------------------------------------
     0 | D:1      | CrazyMind the Barachi Ice Elementalist began the quest for
                  | the Orb.
     0 | D:1      | Reached XP level 1. HP: 13/13 MP: 3/3
    75 | D:1      | Reached skill level 5 in Ice Magic
   138 | D:1      | Reached XP level 2. HP: 12/19 MP: 0/5
   747 | D:1      | Reached XP level 3. HP: 24/24 MP: 2/6
   755 | D:1      | Learned a level 3 spell: Frozen Ramparts
   843 | D:2      | You fall into a shaft and drop 2 floors!
   886 | D:4      | Found a glowing drain.
   899 | Sewer    | Entered a sewer
   984 | Sewer    | Learned a level 3 spell: Ozocubu's Armour
  1031 | Sewer    | Reached XP level 4. HP: 17/30 MP: 2/8
  1192 | Sewer    | Slain by a hell rat

Illustrated notes

Levels and vault maps discovered:
D:1:      lemuel_arrival_muddy, layout_basic, serial_glass, glass_columns_a,
          glass_columns_c, glass_columns_a, glass_columns_b, glass_columns_c,
          feat_on_display, item_on_display_a, item_on_display_a,
          due_unseen_surprise, reono_crystal_passage, minmay_hexomino_f4
D:2:      layout_rooms
D:4:      layout_loops_ring, portal_sewer_entry_d, minmay_rat_hole,
          uniq_blork_the_orc
Sewer:    sewer_hellmonk_bad_rat

Skill      XL: |  1  2  3 |
---------------+----------+-----
Ice Magic      | 5 |  5.8
Stealth        | 2 |  2.3
Spellcasting   | 3 |  3.6
Dodging        | |  2.4

Action                     |  1- 3 |  4- 6 || total
---------------------------+-------+-------++-------
  Melee: Hand axe          |     1 |       ||     1
         Dagger            |    21 |     8 ||    29
   Cast: Freeze            |    30 |     5 ||    35
         Frozen Ramparts   |     4 |     2 ||     6
    Use: Scroll            |     1 |       ||     1
   Stab: Sleeping          |     1 |     1 ||     2
 Armour: Robe              |     6 |       ||     6
  Dodge: Dodged            |    31 |     5 ||    36
